 Dungeon Crawl Stone Soup version 0.18.1-6-gd335043 (webtiles) character file.

12106 epen the Grappler (level 11, -5/105 HPs)
             Began as a Troll Fighter on May 19, 2016.
             Was a Priest of Cheibriados.
             Slain by an eight-headed hydra (10 damage)
             ... on level 3 of the Lair of Beasts.
             The game lasted 00:14:04 (8273 turns).

epen the Grappler (Troll Fighter)                   Turns: 8273, Time: 00:14:04

Health: -5/105     AC:  9    Str: 36    XL:     11   Next: 58%
Magic:  2/16       EV: 18    Int: 18    God:    Cheibriados [***...]
Gold:   324        SH:  0    Dex: 18    Spells: 0 memorised, 10 levels left

rFire  . . .     SeeInvis .       - Unarmed
rCold  . . .     Gourm    +     a - +1 robe
rNeg   . . .     Faith    .     (no shield)
rPois  .         Spirit   .     (helmet restricted)
rElec  .         Dismiss  .     f - +2 cloak
rCorr  .         Reflect  .     (gloves unavailable)
SustAt .         Harm     .     (boots unavailable)
MR     .....                    G - amulet of the gourmand
Stlth  ++........               o - +4 ring of evasion
                                u - +6 ring of intelligence

@: very slow, not resistant to hostile enchantments, unstealthy
A: unfitting armour, claws 3, fast metabolism 3, gourmand, regeneration 2,
shaggy fur 1, tough skin 2
a: Bend Time, Temporal Distortion, Renounce Religion


You were on level 3 of the Lair of Beasts.
You worshipped Cheibriados.
Cheibriados was most pleased with you.
You were hungry.

You visited 2 branches of the dungeon, and saw 13 of its levels.

You collected 532 gold pieces.
You spent 208 gold pieces at shops.

Inventory:

Armour
 a - a +1 robe (worn)
 b - a +0 shield
 f - a +2 cloak (worn)
Jewellery
 g - an uncursed ring of ice
 o - a +4 ring of evasion (right claw)
 p - an uncursed ring of flight
 u - a +6 ring of intelligence (left claw)
 B - an uncursed ring of see invisible
 G - an amulet of the gourmand (around neck)
Wands
 q - a wand of confusion (22/48)
 v - a wand of iceblast (7/15)
 F - a wand of disintegration (24/24)
 H - a wand of disintegration (20/24)
 I - a wand of flame (12/48)
Scrolls
 l - 7 scrolls of remove curse
 n - 3 scrolls of enchant armour
 w - 3 scrolls of magic mapping
 y - 6 scrolls of teleportation
 z - 2 scrolls of fog
Potions
 c - 4 potions of might
 e - 5 potions of curing
 h - a potion of magic {unknown}
 i - a potion of brilliance {unknown}
 t - a potion of lignification {unknown}
 x - 2 potions of berserk rage
 A - a potion of flight
 C - 3 potions of heal wounds
 D - a potion of mutation {unknown}
 E - a potion of agility
Comestibles
 d - 10 bread rations
 j - 5 fruits
 k - 3 meat rations
 m - 3 slices of pizza
 r - 11 royal jellies
 s - 3 beef jerkies


   Skills:
 + Level 6.2 Fighting
 + Level 4.1 Throwing
 + Level 5.5 Armour
 + Level 6.1 Dodging
 - Level 2.4 Shields
 * Level 9.1 Unarmed Combat
 * Level 8.9 Invocations
 + Level 3.1 Evocations


You had 10 spell levels left.
You didn't know any spells.

Dungeon Overview and Level Annotations

Branches:
Dungeon (10/15)            Temple (0/1) D:7            Lair (3/8) D:9
  Swamp: Lair:3-6    Shoals: Lair:3-6     Snake: Lair:3-6    Spider: Lair:3-6
    Orc: D:9-12

Altars:
Cheibriados
Elyvilon
Kikubaaqudgha
Makhleb
Nemelex Xobeh
Okawaru
Pakellas
Qazlal
Ru
Sif Muna
Trog
Vehumet
Yredelemnul

Shops:
D:4 *   D:7 *

Annotations:
D:3 Chiseanne's ghost, amateur SpHu


Innate Abilities, Weirdness & Mutations

You are too large for most types of armour.
You have claws for hands.
Your metabolism is lightning-fast.
You like to eat raw meat.
You heal very quickly.
You are covered in fur (AC +1).
You have very tough skin (AC +2).


Message History

The six-headed hydra grows two more!
You claw the eight-headed hydra!
The eight-headed hydra is severely wounded.
The blink frog hits you.
The eight-headed hydra barely misses you.
The eight-headed hydra closely misses you.
The eight-headed hydra bites you!
The eight-headed hydra barely misses you.
The eight-headed hydra bites you but does no damage.
The eight-headed hydra misses you. The eight-headed hydra bites you! x2
The blink frog misses you.
You scratch the eight-headed hydra but do no damage.
The eight-headed hydra is severely wounded.
The blink frog closely misses you. The eight-headed hydra bites you!
* * * LOW HITPOINT WARNING * * *
The eight-headed hydra bites you!
* * * LOW HITPOINT WARNING * * *
The eight-headed hydra bites you.
* * * LOW HITPOINT WARNING * * *
The eight-headed hydra bites you!
You die...

.. .....# ....#
.....# .....
#+##.....#
.....##........#
...............#
................
................
.......DF.......
.†.....@........
................
†..##.#+.#P....#
.. ## .P##....#
.## ....# . ...#
.. ...P


You could see an eight-headed hydra and a blink frog.

Vanquished Creatures
  Pikel (D:7)
  An oklob plant (Lair:1)
  Psyche (D:9)
  A black mamba (Lair:2)
  Joseph (D:7)
  A spiny frog (Lair:1)
  3 komodo dragons
  The ghost of epen the Insei, a novice OpMo of Qazlal (D:4)
  A troll (D:9)
  A two-headed ogre (D:9)
  Prince Ribbit (D:7)
  12 blink frogs
  4 yaks (Lair:1)
  A vampire (D:9)
  2 basilisks
  3 hippogriffs
  A hungry ghost (D:8)
  Menkaure (D:7)
  3 water moccasins
  8 porcupines
  A black bear (D:8)
  2 ice beasts
  2 orc warriors
  3 ogres
  4 crocodiles
  11 giant frogs
  2 big kobolds
  A scorpion (D:8)
  3 killer bees (D:9)
  An electric eel (D:9)
  2 howler monkeys (D:4)
  5 crimson imps
  A centaur zombie (D:9)
  5 jellies
  2 orc wizards
  5 orc priests
  3 hounds
  Natasha (twice) (D:4)
  A giant frog skeleton (D:4)
  2 iguanas
  3 worker ants
  12 sheep
  A worker ant zombie (D:9)
  3 gnolls (D:8)
  6 adders
  2 river rats (D:9)
  5 oozes (D:8)
  2 adder zombies
  2 adder skeletons (D:4)
  3 worms
  A dart slug (D:2)
  7 giant geckos
  25 orcs
  5 bats
  2 goblins
  2 hobgoblins (D:1)
  10 jackals
  5 quokkas
  A ball python (D:1)
  A giant gecko skeleton (D:4)
  A giant gecko zombie (D:5)
  4 giant newts
  9 kobolds
  A quokka zombie (D:7)
  5 rats
224 creatures vanquished.

Vanquished Creatures (others)
  An ogre (D:7)
  2 centaurs
  A giant frog (D:8)
  A scorpion (D:7)
  A hound (D:7)
  A worker ant (D:8)
  A shadow imp (D:8)
  A giant cockroach (D:7)
  A giant newt (D:7)
  A jackal skeleton (D:7)
11 creatures vanquished.

Grand Total: 235 creatures vanquished

Notes
Turn   | Place    | Note
--------------------------------------------------------------
     0 | D:1      | epen the Troll Fighter began the quest for the Orb.
     0 | D:1      | Reached XP level 1. HP: 22/22 MP: 0/0
   382 | D:1      | Reached XP level 2. HP: 29/29 MP: 1/1
   690 | D:2      | Reached XP level 3. HP: 36/36 MP: 2/2
  1268 | D:2      | Reached skill level 1 in Armour
  1393 | D:3      | Found a faded altar to an unknown god.
  1397 | D:3      | Noticed Chiseanne's ghost (amateur SpHu)
  1557 | D:3      | Became a worshipper of Cheibriados the Contemplative
  1557 | D:3      | Reached * piety under Cheibriados
  2043 | D:4      | Reached XP level 4. HP: 19/44 MP: 3/3
  2129 | D:4      | Found a bloodstained altar of Trog.
  2238 | D:4      | Found Gasyat's Assorted Antiques.
  2247 | D:4      | Bought a fizzy green potion for 27 gold pieces
  2247 | D:4      | Bought a scroll labeled BUUPTILAZA for 31 gold pieces
  2247 | D:4      | Bought a scroll labeled XOTZIDW ODYOM for 31 gold pieces
  2301 | D:4      | Reached skill level 1 in Invocations
  2331 | D:4      | Noticed Natasha
  2337 | D:4      | Reached ** piety under Cheibriados
  2337 | D:4      | Reached XP level 5. HP: 32/53 MP: 3/5
  2342 | D:4      | Killed Natasha
  2342 | D:4      | Reached skill level 3 in Unarmed Combat
  2592 | D:4      | Found an ancient bone altar of Kikubaaqudgha.
  2592 | D:4      | Noticed Natasha
  2593 | D:4      | Noticed epen's ghost (novice OpMo)
  2600 | D:4      | Killed Natasha
  2652 | D:4      | Killed epen's ghost
  2652 | D:4      | Reached XP level 6. HP: 50/61 MP: 5/7
  2732 | D:4      | Reached XP level 7. HP: 66/67 MP: 8/8
  2785 | D:5      | Entered Level 5 of the Dungeon
  3037 | D:5      | Found an iron altar of Okawaru.
  3226 | D:5      | Reached skill level 4 in Unarmed Combat
  3478 | D:6      | Reached *** piety under Cheibriados
  3558 | D:6      | Found a snail-covered altar of Cheibriados.
  3717 | D:6      | Reached XP level 8. HP: 78/78 MP: 10/10
  3814 | D:7      | Reached skill level 5 in Unarmed Combat
  3847 | D:7      | Found a staircase to the Ecumenical Temple.
  3870 | D:7      | Noticed Prince Ribbit
  3889 | D:7      | Killed Prince Ribbit
  3948 | D:7      | Noticed Pikel
  3974 | D:7      | Killed Pikel
  3974 | D:7      | Reached **** piety under Cheibriados
  3974 | D:7      | Reached skill level 5 in Invocations
  3974 | D:7      | Reached XP level 9. HP: 54/85 MP: 10/12
  4012 | D:7      | Noticed Joseph
  4024 | D:7      | HP: 2/85 [disintegration (17)]
  4026 | D:7      | Killed Joseph
  4026 | D:7      | Reached skill level 6 in Unarmed Combat
  4286 | D:7      | Noticed Menkaure
  4297 | D:7      | Killed Menkaure
  4324 | D:7      | Found Egyt's Assorted Antiques.
  4327 | D:7      | Bought a scroll labeled JAESHR GOETOMYPN for 25 gold pieces
  4327 | D:7      | Bought a grey potion for 22 gold pieces
  4327 | D:7      | Bought a scroll labeled LELUAX GAOTT for 25 gold pieces
  4327 | D:7      | Bought an orange potion for 22 gold pieces
  4327 | D:7      | Bought a scroll labeled WUWAUM QOEFI for 25 gold pieces
  4403 | D:7      | Found a burning altar of Makhleb.
  4406 | D:7      | Found an oddly glowing altar of Pakellas.
  4409 | D:7      | Found a basalt altar of Yredelemnul.
  4537 | D:7      | Found a sacrificial altar of Ru.
  4704 | D:7      | Reached skill level 5 in Fighting
  4704 | D:7      | Reached skill level 5 in Dodging
  4822 | D:8      | Found a stormy altar of Qazlal.
  4853 | D:8      | Reached skill level 7 in Unarmed Combat
  4856 | D:8      | Reached skill level 1 in Throwing
  4986 | D:8      | Reached skill level 1 in Evocations
  5070 | D:8      | Reached ***** piety under Cheibriados
  5152 | D:8      | Reached XP level 10. HP: 92/96 MP: 14/14
  5356 | D:9      | Noticed Psyche
  5375 | D:9      | Killed Psyche
  5520 | D:9      | Found a deep blue altar of Sif Muna.
  5573 | D:9      | Found a sparkling altar of Nemelex Xobeh.
  5945 | D:9      | Found an oddly glowing altar of Pakellas.
  5970 | D:9      | Found a staircase to the Lair.
  5989 | D:9      | Reached skill level 8 in Unarmed Combat
  6300 | D:9      | Found a white marble altar of Elyvilon.
  6342 | D:10     | Entered Level 10 of the Dungeon
  6399 | Lair:1   | Entered Level 1 of the Lair of Beasts
  6542 | Lair:1   | Reached skill level 5 in Armour
  6742 | Lair:1   | Noticed an oklob plant
  6745 | Lair:1   | Noticed a spiny frog
  6752 | Lair:1   | Killed a spiny frog
  6857 | Lair:1   | Reached XP level 11. HP: 84/105 MP: 14/16
  7315 | Lair:1   | Killed an oklob plant
  7350 | Lair:2   | Found a radiant altar of Vehumet.
  8162 | Lair:2   | Reached skill level 9 in Unarmed Combat
  8262 | Lair:3   | Noticed a four-headed hydra
  8273 | Lair:3   | HP: 5/105 [eight-headed hydra (5)]
  8273 | Lair:3   | Slain by an eight-headed hydra

Skill      XL: |  1  2  3  4  5  6  7  8  9 10 11 |
---------------+----------------------------------+-----
Armour         | 1 2 3 4 5 |  5.5
Fighting       | 3 4 5 6 |  6.2
Dodging        | 3 4 5 6 |  6.1
Invocations    | 1 3 4 5 6 8 |  8.9
Unarmed Combat | 3 4 5 7 8 9 |  9.1
Throwing       | 1 3 4 |  4.1
Evocations     | 1 2 3 |  3.1
Shields        | |  2.4

Action                   |  1- 3 |  4- 6 |  7- 9 | 10-12 || total
-------------------------+-------+-------+-------+-------++-------
Melee: Unarmed           |    91 |    69 |   283 |   220 ||   663
       Punch             |       |     4 |    12 |    13 ||    29
Invok: Slouch            |       |       |     1 |     8 ||     9
       Step From Time    |       |       |       |     1 ||     1
  Use: Scroll            |       |       |    16 |     2 ||    18
       Potion            |       |       |       |     2 ||     2
 Stab: Sleeping          |       |     1 |     2 |     2 ||     5
       Distracted        |       |       |       |     1 ||     1
  Eat: Chunk             |    15 |     5 |    21 |    12 ||    53
Armor: Robe              |    50 |    28 |   102 |    62 ||   242
Dodge: Dodged            |    53 |    30 |   178 |   143 ||   404
